 Dungeon Crawl Stone Soup version 0.28.0 (webtiles) character file.

Game seed: 3230598110749958171

2203 brinewave the Fighter (level 9, -10/81 HPs)
             Began as a Minotaur Berserker on Feb 19, 2022.
             Was a Priest of Trog.
             Engulfed by a cloud of flame (13 damage)
             ... on level 6 of the Dungeon on Feb 20, 2022.
             The game lasted 00:19:46 (7212 turns).

brinewave the Fighter (Minotaur Berserker)          Turns: 7212, Time: 00:19:47

Health: -10/81     AC: 12    Str: 27    XL:     9   Next: 12%
Magic:  8/8        EV:  8    Int:  4    God:    Trog [***...]
Gold:   434        SH: 10    Dex: 15    Spells: 8/8 levels left

rFire   + . .      SeeInvis .   n - +2 flail (holy)
rCold   + . .      Faith    .   k - +0 kite shield
rNeg    . . .      Spirit   .   i - +0 chain mail
rPois   +          Reflect  .   (helmet restricted)
rElec   +          Harm     .   (no cloak)
rCorr   +          Rampage  .   h - +0 pair of gloves
Will    ++...                   (no boots)
Stlth   ..........              (no amulet)
HPRegen 1.23/turn               m - +6 ring of dexterity
MPRegen 0.11/turn               (no ring)

@: resistant, strong-willed, regenerating
A: horns 2, retaliatory headbutt
a: Renounce Religion, Berserk, Trog's Hand


You were on level 6 of the Dungeon.
You worshipped Trog.
Trog was most pleased with you.
You visited 1 branch of the dungeon, and saw 6 of its levels.
You also visited: Ossuary.

You collected 462 gold pieces.
You spent 28 gold pieces at shops.

Inventory:

Hand Weapons
 j - a +0 hand axe
 n - a +2 flail of holy wrath (weapon)
 o - a +0 shortbow
Missiles
 c - 39 arrows
 f - 96 bolts
Armour
 h - a +0 pair of gloves (worn)
 i - a +0 chain mail (worn)
 k - a +0 kite shield (worn)
Jewellery
 m - a +6 ring of dexterity (left hand)
Wands
 p - a wand of charming (15)
 q - a wand of iceblast (5)
Scrolls
 a - a scroll of holy word
 b - 4 scrolls of teleportation
 e - a scroll of fear {unknown}
 r - a scroll of brand weapon
Potions
 d - a potion of invisibility
 g - 3 potions of flight
 l - 3 potions of curing


   Skills:
 + Level 8.2 Fighting
 + Level 8.2 Axes
 + Level 7.7 Armour
 + Level 3.2 Dodging
 - Level 6.1 Shields


You had 8 spell levels left.
You didn't know any spells.
Your spell library was empty.

Dungeon Overview and Level Annotations

Branches:
Dungeon (6/15)             Temple (0/1) D:4         Ossuary (visited)

Altars:
Dithmenos
Elyvilon
Fedhas
Gozag
Hepliaklqana
Kikubaaqudgha
Ru
Trog
Uskayaw
Vehumet
Wu Jian
Yredelemnul
The Shining One

Shops:
D:1 *

Annotations:
D:4 3 runed translucent doors, BALLS's ghost, amateur VSFi
D:6 1 transporter


Innate Abilities, Weirdness & Mutations

You have a pair of horns on your head.
You reflexively headbutt those who attack you in melee.


Message History

Found a stone staircase leading down.
You see here a +0 falchion.
q - a wand of iceblast (5)
r - a scroll of brand weapon
Found a hand axe, 13 gold pieces, 19 arrows and a scroll of identify.
Found a transporter.
There is a transporter landing site here.
You see here a +0 falchion.
There is a transporter here.
You enter the transporter and appear at another place.
s - a potion of resistance You open the gate.
The fire bat bites you but does no damage.
The fire bat bites you but does no damage. x3
The fire bat barely misses you. You furiously retaliate!
You headbutt the fire bat.
There is an open gate here.
You are engulfed in blazing flames.
The fire bat bites you.
You are engulfed in flames!
The fire bat bites you but does no damage.
The fire bat closely misses you.
You are engulfed in blazing flames.
You block the fire bat's attack. The fire bat bites you.
You are engulfed in flames!
You block the fire bat's attack.
You barely miss the fire bat.
The fire bat is lightly wounded.
You are engulfed in blazing flames.
* * * LOW HITPOINT WARNING * * *
You block the fire bat's attack.
The fire bat bites you but does no damage.
You feel protected.
You are engulfed in blazing flames.
You resist.
* * * LOW HITPOINT WARNING * * *
The fire bat barely misses you. You furiously retaliate!
You headbutt the fire bat. You block the fire bat's attack.
Okay, then.
Your skin crawls.
You feel strong-willed.
You are engulfed in blazing flames.
You resist.
You die...

.............#.....######>## #.
...#####.............# ### #.
#........#..####.###.# #.
##.#####..#.# #.# #.# #. #.#
#.....# #.# #.# #. #.# #..####
##################. #.#
#########°°°○○#...........)
#.#####○○.°○○#b○○○○##..########.
##.##..#°○○○°☼#b@°☼°###.# #.
.......#..#.#.°☼☼.$)#...# #.
##....©#°°©...○°°.(©#©..# ..
####..#°○#.#.☼°°.$?#..## ..
####.☼°○°°#☼°○☼☼#### .#.
#○○○☼°°#°○☼☼☼## .#.
########☼.°○○# ..#. #######


You could see 2 fire bats.

Vanquished Creatures
  Pikel (D:6)
  Grinder (D:5)
  The ghost of ultrashaft the Cudgeller, an amateur GrFi (D:5)
  Eustachio (D:6)
  Edmund (D:4)
  2 ogres
  A centaur (D:5)
  Blork the orc (D:5)
  An elf zombie (Ossuary)
  A bullfrog (D:6)
  A scorpion (D:5)
  A howler monkey (D:4)
  2 bullfrog zombies
  A jelly (D:4)
  A human zombie (Ossuary)
  An orc priest (D:5)
  2 hounds
  A bullfrog skeleton (D:4)
  5 iguanas
  An orc wizard (D:5)
  3 mummies (Ossuary)
  4 adders
  A white imp (D:6)
  6 adder zombies (Ossuary)
  A dart slug (D:4)
  A worm (D:3)
  5 orcs
  4 bats
  4 endoplasms
  4 giant cockroaches
  3 gnoll zombies (Ossuary)
  4 goblins
  6 hobgoblins
  7 kobolds
  5 quokkas
  3 ball pythons
  2 frilled lizards
  2 goblin zombies (Ossuary)
  4 hobgoblin zombies (Ossuary)
  6 jackal zombies (Ossuary)
  2 kobold zombies (Ossuary)
  5 orc zombies (Ossuary)
  3 quokka zombies (Ossuary)
  5 rats
117 creatures vanquished.

Notes
Turn   | Place    | Note
-------+----------+-------------------------------------------
     0 | D:1      | brinewave the Minotaur Berserker began the quest for the
                  | Orb.
     0 | D:1      | Reached XP level 1. HP: 19/19 MP: 0/0
   241 | D:1      | Reached XP level 2. HP: 20/27 MP: 1/1
   353 | D:1      | Found Wyskisho's General Store.
   362 | D:1      | Bought a scroll of identify for 28 gold pieces
  1304 | D:2      | Found a faded altar of an unknown god.
  1623 | D:2      | Reached XP level 3. HP: 26/33 MP: 2/2
  3032 | D:4      | Reached ** piety under Trog
  3033 | D:4      | Reached XP level 4. HP: 34/41 MP: 3/3
  3059 | D:4      | Noticed an ogre
  3069 | D:4      | HP: 2/61 [ogre (27)]
  3071 | D:4      | Killed an ogre
  3072 | D:4      | Reached skill level 1 in Shields
  3072 | D:4      | Reached XP level 5. HP: 3/47 MP: 4/4
  3294 | D:4      | Reached skill level 5 in Fighting
  3294 | D:4      | Reached skill level 5 in Axes
  3349 | D:4      | Found a sand-covered staircase.
  3354 | Ossuary  | Entered an ossuary
  3508 | Ossuary  | Reached XP level 6. HP: 53/56 MP: 5/5
  4046 | D:4      | Found a staircase to the Ecumenical Temple.
  4070 | D:4      | Reached skill level 5 in Armour
  4130 | D:4      | Reached *** piety under Trog
  4245 | D:4      | Noticed Edmund
  4274 | D:4      | Killed Edmund
  4275 | D:4      | Reached XP level 7. HP: 37/63 MP: 6/6
  4473 | D:4      | Found a runed translucent gate.
  4474 | D:4      | Found a runed translucent gate.
  4474 | D:4      | Found a runed translucent gate.
  4475 | D:4      | Found an opulent altar of Gozag.
  4476 | D:4      | Noticed BALLS's ghost (amateur VSFi)
  4710 | D:5      | Entered Level 5 of the Dungeon
  4721 | D:5      | Found a runed translucent door.
  4806 | D:5      | Noticed Grinder
  4813 | D:5      | Killed Grinder
  4864 | D:5      | Noticed ultrashaft's ghost (amateur GrFi)
  5002 | D:5      | Reached XP level 8. HP: 25/71 MP: 7/7
  5324 | D:5      | Reached skill level 5 in Shields
  5469 | D:5      | Noticed Blork the orc
  5482 | D:5      | Killed Blork the orc
  5752 | D:5      | Found a glowing golden altar of the Shining One.
  5752 | D:5      | Found a sacrificial altar of Ru.
  6031 | D:5      | Killed ultrashaft's ghost
  6165 | D:6      | Noticed Eustachio
  6179 | D:5      | HP: 3/73 [ogre (12)]
  6473 | D:6      | Killed Eustachio
  6694 | D:6      | Noticed Pikel
  6695 | D:6      | Found a shadowy altar of Dithmenos.
  6705 | D:6      | Killed Pikel
  6706 | D:6      | Reached XP level 9. HP: 81/81 MP: 8/8
  6792 | D:6      | Found a hide-covered altar of Uskayaw.
  6792 | D:6      | Found a bloodstained altar of Trog.
  6792 | D:6      | Found an opulent altar of Gozag.
  6792 | D:6      | Found a radiant altar of Vehumet.
  6793 | D:6      | Found an ornate altar of the Wu Jian Council.
  6793 | D:6      | Found a basalt altar of Yredelemnul.
  6794 | D:6      | Found a hazy altar of Hepliaklqana.
  6795 | D:6      | Found a blossoming altar of Fedhas.
  6796 | D:6      | Found a white marble altar of Elyvilon.
  6797 | D:6      | Found an ancient bone altar of Kikubaaqudgha.
  7011 | D:6      | Found a transporter.
  7118 | D:6      | Found a transporter.
  7211 | D:6      | HP: 3/81 [something (12)]
  7212 | D:6      | Engulfed by a cloud of flame

Illustrated notes

Levels and vault maps discovered:
D:1:      psy_arrival_spokes, layout_basic, serial_shops,
          nicolae_lakefront_shop, minmay_misc_feat_cross
D:2:      layout_basic, basic_ecumenical_altar
D:3:      layout_basic, minmay_fractal_squares_gapless_5
D:4:      layout_basic, temple_pool_b, enter_ossuary_5, ebering_ghost_gozag,
          columned_hall_lemuel, minmay_misc_feat_roman, uniq_edmund
D:5:      layout_basic, amethyst_overflow_temple_binary, ebering_ghost_sewer_d,
          uniq_blork_the_orc, uniq_grinder
D:6:      gammafunk_cloud_chamber, layout_loops_ring, minitemple, uniq_pikel,
          uniq_eustachio

Skill      XL: |  1  2  3  4  5  6  7  8 |
---------------+-------------------------+-----
Fighting       | 4 5 6 8 |  8.2
Axes           | 4 5 6 8 |  8.2
Armour         | 3 4 5 6 7 |  7.7
Shields        | 1 2 3 4 6 |  6.1
Dodging        | 3 |  3.2

Action                   |  1- 3 |  4- 6 |  7- 9 || total
-------------------------+-------+-------+-------++-------
Melee: Hand axe          |   111 |   181 |     5 ||   297
       Headbutt          |     9 |    34 |    10 ||    53
       Flail             |       |       |   121 ||   121
Invok: Berserk           |       |     1 |     2 ||     3
       Trog's Hand       |       |       |     2 ||     2
  Use: Scroll            |     8 |     2 |     5 ||    15
       Potion            |       |       |     2 ||     2
Armor: Animal skin       |     4 |       |       ||     4
       Chain mail        |    48 |    77 |    80 ||   205
Dodge: Dodged            |    43 |    33 |    41 ||   117
Block: Kite shield       |       |    40 |    64 ||   104
